Map: Lerilak Crest

Players

Elazer

  • Race: Zerg Zerg
  • League: Grandmaster

MinChul (MC) - Winner!

  • Race: Protoss Protoss

Event: Homestory Cup XII

VOD

Have the link to the VOD?

Description

Time

  • Played on: Dec. 19, 2015, 1:55 p.m.
  • Length: 12:18

All games in this series

Show
View Real Time Build Order
Export as new Build Order

Elazer Zerg 

Build Orders: Hatch First, Lurkers 

Get SALT Encoding   

  12  0:00  Drone  
  13  0:12  Overlord  
  13  0:16  Drone  
  14  0:30  Drone x2  
  14  0:34  Drone  
  17  0:52  Hatchery  
  17  0:53  Drone  
  18  0:57  Drone  
  18  1:07  Extractor  
  17  1:12  Spawning Pool  
  17  1:15  Drone  
  17  1:19  Drone  
  18  1:27  Drone  
  19  1:38  Overlord  
  19  1:56  Drone  
  19  1:58  Queen  
  19  1:59  Drone  
  23  2:04  Zergling x2, Queen  
  26  2:08  Metabolic Boost  
  26  2:17  Drone x2  
  28  2:34  Drone x3  
  31  2:39  Hatchery  
  31  2:43  Queen  
  32  2:46  Zergling x2  
  32  2:48  Zergling x2  
  34  2:54  Overlord  
  34  2:55  Drone  
  34  2:59  Drone  
  35  3:09  Overlord  
  35  3:13  Drone x3  
  35  3:14  Drone x3  
  35  3:18  Drone  
  42  3:26  Drone x2  
  44  3:29  Extractor  
  43  3:34  Drone x2  
  43  3:38  Extractor  
  43  3:39  Roach Warren  
  43  3:42  Spore Crawler  
  43  3:43  Spore Crawler, Drone x2  
  42  3:50  Queen  
  42  3:52  Drone x3  
  42  3:54  Drone  
  48  3:56  Drone  
  49  4:03  Drone x2  
  49  4:05  Spore Crawler  
  49  4:09  Overlord  
  50  4:11  Drone  
  50  4:15  Zergling x6  
  53  4:18  Zergling x4  
  53  4:20  Zergling x2  
  56  4:30  Spore Crawler  
  56  4:31  Roach x2  
  59  4:32  Roach  
  63  4:38  Roach x2  
  63  4:40  Overlord  
  63  4:43  Overlord  
  65  4:50  Lair  
  65  4:56  Queen  
  65  4:59  Overlord  
  64  5:03  Drone x4  
  64  5:04  Drone  
  67  5:13  Drone  
  68  5:15  Drone x3  
  68  5:16  Evolution Chamber  
  68  5:19  Overlord  
  68  5:20  Drone x2  
  72  5:29  Roach  
  72  5:30  Roach x3  
  79  5:35  Overlord  
  79  5:38  Drone x4  
  79  5:40  Extractor  
  79  5:41  Drone  
  79  5:42  Extractor  
  80  5:44  Zerg Missile Weapons Level 1  
  80  5:46  Ravager x2  
  80  5:48  Overlord  
  82  5:52  Hydralisk Den  
  82  5:53  Glial Reconstitution  
  82  5:55  Drone  
  82  5:56  Drone  
  83  5:57  Drone  
  83  5:59  Drone x2  
  83  6:02  Drone  
  83  6:03  Overlord  
  87  6:05  Drone  
  87  6:09  Drone x3  
  91  6:13  Drone, Extractor  
  91  6:14  Drone x2  
  91  6:15  Drone  
  94  6:20  Drone x2  
  94  6:25  Lurker Den  
  96  6:26  Hydralisk  
  96  6:27  Hydralisk  
  96  6:30  Overlord  
  98  6:36  Hydralisk x3  
  102  6:42  Drone  
  102  6:45  Hatchery  
  102  6:50  Hydralisk  
  102  6:51  Hydralisk x2  
  108  6:58  Overlord x2  
  108  6:59  Overlord x2  
  108  7:14  Overlord x4  
  108  7:16  Queen  
  108  7:22  Hydralisk x5  
  112  7:27  Hydralisk x3  
  126  7:36  Hydralisk x3  
  126  7:37  Hydralisk  
  128  7:40  Zerg Missile Weapons Level 2  
  134  7:52  Muscular Augments  
  134  7:59  Lurker x5  
  134  8:00  Zergling x2  
  134  8:01  Zergling x22  
  134  8:03  Lurker  
  152  8:08  Lurker, Zergling x2  
  152  8:09  Zergling x4  
  156  8:16  Zergling x2  
  156  8:17  Zergling x12  
  156  8:18  Lurker  
  156  8:19  Lurker  
  163  8:29  Zergling x12  
  162  8:38  Zergling x18  
  155  8:44  Zergling x2  
  155  8:45  Zergling x6  
  140  8:55  Hydralisk x4  
  121  9:02  Drone x2  
  109  9:04  Hydralisk x2  
  109  9:05  Infestation Pit  
  102  9:13  Drone x8  
  102  9:14  Extractor x2  
  102  9:16  Evolution Chamber, Drone  
  108  9:29  Lurker x3  
  111  9:32  Hydralisk x2  
  111  9:33  Hydralisk x3  
  111  9:36  Lurker x2  
  111  9:37  Lurker  
  111  9:38  Zergling x2  
  124  9:44  Zerg Melee Weapons Level 1  
  124  9:46  Spore Crawler  
  124  9:51  Drone x3  
  124  9:52  Hydralisk x3  
  130  9:55  Zergling x2  
  130  9:56  Zergling x4  
  130  9:59  Zerg Ground Armor Level 1  
  135  10:01  Hatchery  
  131  10:14  Hive  
  131  10:16  Lurker x2  
  133  10:24  Overseer  
  133  10:27  Lurker x2  
  133  10:28  Zergling x32  
  141  10:29  Zergling x2  
  151  10:42  Lurker x2, Overseer  
  151  10:43  Hydralisk x2  
  151  10:44  Zergling x2  
  151  10:45  Zergling x10  
  161  10:56  Overlord  
  157  11:01  Overlord  
  151  11:05  Hydralisk x3  
  151  11:06  Hydralisk  
  151  11:07  Pneumatized Carapace  
  153  11:14  Overlord  
  139  11:19  Zergling x16  
  139  11:20  Hydralisk  
  139  11:21  Hydralisk x4  
  139  11:25  Hydralisk x2  
  127  11:31  Hydralisk x4  
  124  11:45  Hydralisk x5  
Show
View Real Time Build Order
Export as new Build Order

MinChul Protoss - Winner!

Build Orders: 1 Gate Expand, Oracle Opening 

Get SALT Encoding   

  12  0:00  Probe (Chrono Boost)  
  13  0:11  Probe (Chrono Boost)  
  14  0:19  Pylon  
  14  0:22  Probe (Chrono Boost)  
  15  0:38  Probe (Chrono Boost)  
  15  0:40  Gateway  
  16  0:48  Probe (Chrono Boost)  
  17  0:51  Assimilator  
  17  0:59  Probe (Chrono Boost)  
  18  1:09  Probe (Chrono Boost)  
  19  1:22  Nexus  
  19  1:33  Cybernetics Core  
  19  1:37  Probe (Chrono Boost)  
  20  1:42  Assimilator  
  20  1:47  Probe (Chrono Boost)  
  21  1:54  Pylon  
  21  1:58  Probe (Chrono Boost)  
  22  2:08  Probe (Chrono Boost)  
  23  2:10  Warp Gate  
  23  2:12  Adept (Chrono Boost)  
  25  2:20  Mothership Core  
  27  2:27  Pylon  
  27  2:33  Probe  
  27  2:36  Adept (Chrono Boost)  
  30  2:41  Probe  
  31  2:44  Probe  
  32  2:52  Stargate  
  32  2:53  Probe  
  32  3:01  Probe  
  32  3:02  Adept (Chrono Boost)  
  35  3:05  Probe  
  35  3:12  Probe (Chrono Boost)  
  36  3:17  Probe (Chrono Boost)  
  38  3:25  Gateway  
  38  3:29  Gateway  
  38  3:32  Probe x2 (Chrono Boost)  
  40  3:35  Oracle (Chrono Boost)  
  43  3:41  Probe  
  43  3:44  Probe  
  45  3:52  Probe, Assimilator  
  45  3:54  Pylon  
  46  3:56  Probe  
  46  3:58  Assimilator  
  47  4:03  Probe  
  47  4:07  Oracle (Chrono Boost)  
  47  4:08  Probe  
  52  4:13  Adept  
  52  4:16  Probe  
  54  4:20  Probe  
  54  4:23  Adept x2  
  60  4:29  Probe  
  61  4:32  Probe  
  62  4:40  Pylon  
  62  4:43  Pylon  
  62  4:53  Probe  
  62  4:55  Probe  
  62  4:57  Void Ray (Chrono Boost)  
  62  5:02  Adept x2  
  62  5:03  Adept  
  62  5:05  Probe  
  63  5:08  Robotics Facility  
  63  5:13  Probe  
  63  5:17  Probe  
  65  5:24  Sentry x3  
  65  5:25  Probe  
  72  5:29  Probe  
  72  5:30  Forge  
  72  5:31  Pylon  
  72  5:44  Nexus  
  72  5:47  Pylon  
  72  5:49  Pylon  
  72  5:50  Probe  
  72  5:51  Probe  
  72  5:55  Void Ray (Chrono Boost)  
  74  6:00  Protoss Ground Weapons Level 1 (Chrono Boost)  
  74  6:03  Observer (Chrono Boost)  
  79  6:07  Twilight Council  
  79  6:10  Probe x2  
  81  6:22  Probe  
  81  6:23  Probe, Adept x3  
  89  6:35  Probe x2, Immortal (Chrono Boost)  
  91  6:45  Pylon  
  96  6:47  Probe x2  
  96  6:49  Robotics Bay  
  97  6:55  Stalker x2  
  97  6:56  Stalker  
  103  7:05  Probe  
  103  7:07  Probe x2  
  106  7:09  Immortal  
  110  7:19  Blink (Chrono Boost)  
  110  7:22  Probe x3  
  113  7:30  Gateway  
  113  7:31  Gateway  
  113  7:34  Gateway, Protoss Ground Weapons Level 2  
  113  7:42  Probe x3  
  113  7:43  Disruptor  
  116  7:46  Assimilator x2  
  116  7:48  Dark Shrine, Pylon  
  119  7:51  Pylon  
  116  8:00  Stalker  
  116  8:01  Stalker x2  
  122  8:12  Pylon  
  122  8:13  Pylon  
  122  8:14  Disruptor, Pylon  
  125  8:24  Stalker x3  
  125  8:26  Pylon  
  131  8:29  Pylon  
  129  8:38  Stalker x3  
  127  8:45  Disruptor  
  113  8:49  Adept x2  
  113  8:54  Stalker  
  116  9:01  Stalker x3  
  116  9:07  Mothership Core, Probe x2  
  116  9:08  Pylon  
  116  9:09  Pylon  
  118  9:16  Disruptor  
  118  9:18  Gateway  
  118  9:19  Probe  
  118  9:20  Gateway  
  122  9:31  Stalker x4  
  130  9:36  Stalker x2  
  134  9:41  Photon Cannon  
  131  9:47  Warp Prism  
  133  9:59  Stalker x5  
  143  10:04  Stalker  
  145  10:09  Photon Cannon  
  145  10:12  Photon Cannon  
  145  10:18  Photon Cannon  
  145  10:19  Photon Cannon  
  145  10:21  Observer  
  145  10:27  Sentry x3, Stalker x2  
  145  10:28  Stalker  
  158  10:34  Pylon  
  158  10:35  Pylon  
  158  10:42  Dark Templar x2, Observer  
  161  11:02  Stalker x5  
  161  11:03  Stalker  
  169  11:19  Stalker x2  
  150  11:34  Stalker x5  
  160  11:46  Stalker x3  
  143  12:00  Stalker x4  
  143  12:01  Stalker  
  148  12:04  Pylon  
  148  12:05  Pylon  
  148  12:07  Pylon  
  148  12:11  Stalker x2  
  148  12:12  Stalker  
Tags
 
Add a new tag
Caveats
  • Supply blocks, unpowered buildings, or Contaminate may cause inaccurate times.
  • Supply counts are checked every 10 seconds.